 Dungeon Crawl Stone Soup version 0.21-a0-414-gba8bdf1 (webtiles) character file.

33495 Ijustatesigmund the Commander (level 13, -2/183 HPs)
             Began as a Hill Orc Fighter on Nov 2, 2017.
             Was a High Priest of Okawaru.
             Slain by an orc knight
             ... wielding a +2 great mace of crushing
              (3 damage)
             ... on level 1 of the Orcish Mines.
             The game lasted 00:38:42 (16449 turns).

Ijustatesigmund the Commander (Hill Orc Fighter)   Turns: 16449, Time: 00:38:43

Health: -2/183     AC: 23    Str: 31 (32) XL:     13   Next: 71%
Magic:  0/24       EV: 13    Int:  8      God:    Okawaru [*****.]
Gold:   1112       SH: 14    Dex: 13 (14) Spells: 12/12 levels left

rFire    . . .     SeeInvis +   a - +2 war axe
rCold    . . .     Gourm    .   A - +0 shield of Zeygoj {+Inv Str+7} (curse)
rNeg     . . .     Faith    .   b - +1 plate armour
rPois    +         Spirit   +   (no helmet)
rElec    .         Reflect  .   S - scarf {Spirit}
rCorr    .         Harm     .   O - +1 pair of gloves {archery}
MR       .....                  K - +0 pair of boots
Stlth    ..........             (no amulet)
HPRegen  0.40/turn              g - ring of poison resistance
MPRegen  0.19/turn              C - ring of see invisible

@: berserking (expiring), heroism, very quick
A: talons 1, iridescent scales 1, deterioration 1
a: Heroism, Finesse, Renounce Religion, Evoke Invisibility


You were on level 1 of the Orcish Mines.
You worshipped Okawaru.
Okawaru was extremely pleased with you.
You were hungry.

You visited 3 branches of the dungeon, and saw 17 of its levels.

You collected 1112 gold pieces.

Inventory:

Hand Weapons
 a - a +2 war axe (weapon)
Missiles
 m - 5 javelins (quivered)
Armour
 b - a +1 plate armour (worn)
 c - a +1 shield
 A - the cursed +0 shield of Zeygoj (worn) {+Inv Str+7}
   (You found it on level 7 of the Dungeon)

   It affects your strength (+7).
   It lets you turn invisible.
   It has a curse placed upon it.
 K - a +0 pair of boots (worn)
 O - a +1 pair of gloves of archery (worn)
 S - a scarf of spirit shield (worn)
 T - +0 fire dragon scales
Jewellery
 g - a ring of poison resistance (left hand)
 C - a ring of see invisible (right hand)
 J - an uncursed ring of wizardry
 L - an uncursed ring of flight
 Y - an uncursed ring of protection from cold {unknown}
Wands
 r - a wand of digging (12/24)
 t - a wand of paralysis (13/24)
 v - a wand of iceblast (0/15)
 w - a wand of acid (3/15)
 y - a wand of lightning (11/15)
 E - a wand of digging (8/24)
 F - a wand of polymorph (12/24)
 H - a wand of confusion (21/48)
 I - a wand of iceblast (10/15)
 M - a wand of random effects (22/48)
 N - a wand of iceblast (8/15)
 Q - a wand of flame (10/48)
 X - a wand of polymorph (11/24)
Scrolls
 d - 13 scrolls of remove curse
 e - a scroll of teleportation
 s - a scroll of immolation
 x - 4 scrolls of enchant weapon
 P - 2 scrolls of enchant armour
 W - a scroll of blinking
Potions
 h - 6 potions of flight
 j - 4 potions of lignification
 l - 2 potions of ambrosia
 n - a potion of cancellation
 o - a potion of brilliance
 p - 2 potions of resistance
 q - 3 potions of agility
 u - 2 potions of mutation
 z - 2 potions of might
 B - a potion of haste
 D - a potion of curing
 R - a potion of invisibility
Comestibles
 f - 13 bread rations
 i - 6 meat rations
 k - 3 royal jellies
 G - 4 fruits


   Skills:
 + Level 13.3(18.3) Fighting
 + Level 14.7(19.7) Axes
 + Level 9.3(14.3) Armour
 + Level 4.5(9.5) Dodging
 + Level 7.0(12.0) Shields
 - Level 15.0 Invocations
 - Level 4.6 Evocations


You had 12 spell levels left.
You didn't know any spells.

Dungeon Overview and Level Annotations

Branches:
Dungeon (12/15)            Temple (0/1) D:7            Lair (4/6) D:9
 Shoals (0/4) Lair:2          Orc (1/2) D:11
  Snake: Lair:2-4    Spider: Lair:2-4

Altars:
Ashenzari
Cheibriados
Elyvilon
Fedhas
Gozag
Hepliaklqana
Makhleb
Okawaru
Ru
Sif Muna
Uskayaw
Vehumet
Wu Jian
Yredelemnul
Beogh

Shops:
D:4 *

Portals:
Trove: D:11 (give 16 scrolls of identify)


Innate Abilities, Weirdness & Mutations

You have sharp toenails.
You are partially covered in iridescent scales. (AC +2)
Your body sometimes deteriorates upon taking damage.


Message History

You block the orc's attack. You block the orc knight's attack.
Things that are here:
a glaive; a chain mail; 21 gold pieces You closely miss the orc knight.
You slice the orc!!
You kill the orc!
Okawaru accepts your kill.
You slash the orc knight!
The orc knight is moderately wounded.
You slash the orc knight!
The orc knight is moderately wounded.
The orc knight hits you with a great sword!!
* * * LOW HITPOINT WARNING * * *
Your body deteriorates!
You feel weakened.
You slash the orc knight!
The orc knight is lightly wounded.
You barely miss the orc knight.
The orc knight no longer looks unusually strong.
The orc knight hits you with a great mace of crushing!
* * * LOW HITPOINT WARNING * * *
You die...

#...##.##.#..#...........#.
##..#......................
#.........................
##.............)..>.......
##.......................
###.#.).............##..
####.#)....)......###.
##)o...........##..
#@######)......##.
#.o.....#...)..####
##.#....#.....###.#
###....#.....(#...
._.#..#.......
...#.###....() #####
##....( #.....( ##.#...


You could see 2 orc knights.

Vanquished Creatures
  The ghost of Slowdrip the Fighter, a journeyman OgHu (Lair:4)
  A fire dragon (Lair:4)
  A hydra (Lair:2)
  A catoblepas (Lair:2)
  3 two-headed ogres
  A centaur warrior (D:12)
  The ghost of CasualChangeling the Carver, a novice MiFi of Trog (D:9)
  The ghost of theanonym the Carver, a novice FoFi of Ru (D:8)
  2 orc knights (Orc:1)
  An ugly thing (D:11)
  An orc sorcerer (Orc:1)
  4 molten gargoyles (D:10)
  2 black mambas
  A centaur skeleton (D:10)
  5 spiny frogs
  A rime drake (Lair:1)
  A komodo dragon (Lair:3)
  2 trolls
  Grinder (D:3)
  A polar bear (Lair:2)
  2 hippogriffs (D:8)
  13 blink frogs
  3 spriggans
  2 wyverns
  28 yaks
  2 hungry ghosts
  A basilisk (D:8)
  3 wargs
  3 porcupines
  5 water moccasins
  2 hell hounds (Lair:3)
  20 orc warriors
  2 ice beasts (D:5)
  3 black bears
  6 sky beasts
  An eye of draining (D:9)
  4 phantoms
  8 ogres
  15 wolves
  10 centaurs
  8 crocodiles
  A big kobold (D:11)
  A wyvern zombie (D:6)
  12 bullfrogs
  5 scorpions
  10 killer bees (D:7)
  3 wights (D:9)
  2 electric eels (Lair:1)
  5 crimson imps
  5 howler monkeys
  A bullfrog zombie (D:7)
  7 hounds
  A quasit (D:10)
  8 orc priests
  2 jellies
  Jessica (D:3)
  2 bullfrog skeletons
  3 iguanas
  Terence (D:2)
  16 orc wizards
  10 worker ants
  A hound zombie (D:5)
  3 hound skeletons
  A worker ant zombie (D:10)
  A howler monkey zombie (D:8)
  7 gnolls
  12 adders
  3 shadow imps
  3 oozes
  2 worms
  A dart slug (D:3)
  9 leopard geckos
  41 orcs
  5 giant cockroaches
  5 goblins
  2 hobgoblins
  8 jackals
  9 kobolds
  2 quokkas
  A ball python zombie (D:6)
  5 bats
  6 frilled lizards
  2 gnoll zombies (D:8)
  A leopard gecko skeleton (D:4)
  A leopard gecko zombie (D:5)
  A quokka skeleton (D:4)
  A quokka zombie (D:4)
  3 rats
405 creatures vanquished.

Vanquished Creatures (others)
  A fungus (Lair:3)
  5 plants (Lair:3)
6 creatures vanquished.

Grand Total: 411 creatures vanquished

Notes
Turn   | Place    | Note
-------+----------+-------------------------------------------
     0 | D:1      | Ijustatesigmund the Hill Orc Fighter began the quest for the Orb.
     0 | D:1      | Reached XP level 1. HP: 19/19 MP: 1/1
   272 | D:1      | Reached XP level 2. HP: 15/26 MP: 2/2
   951 | D:2      | Reached XP level 3. HP: 25/31 MP: 3/3
   952 | D:2      | Found a white marble altar of Elyvilon.
  1114 | D:2      | Noticed Terence
  1118 | D:2      | Reached skill level 5 in Axes
  1142 | D:2      | Killed Terence
  1142 | D:2      | Reached XP level 4. HP: 35/39 MP: 4/4
  1621 | D:3      | Gained mutation: You are partially covered in iridescent scales. (AC +2) [potion of mutation]
  1621 | D:3      | Gained mutation: Your body sometimes deteriorates upon taking damage. [potion of mutation]
  1621 | D:3      | Gained mutation: You have sharp toenails. [potion of mutation]
  1622 | D:3      | Reached skill level 10 in Axes
  1622 | D:3      | Reached XP level 5. HP: 18/56 MP: 5/5
  1623 | D:3      | Reached XP level 6. HP: 16/62 MP: 6/6
  2065 | D:3      | Noticed Jessica
  2074 | D:3      | Killed Jessica
  2092 | D:3      | Found an ornate altar of the Wu Jian Council.
  2180 | D:3      | Noticed Grinder
  2199 | D:3      | Paralysed by Grinder for 5 turns
  2426 | D:3      | Paralysed by Grinder for 2 turns
  2433 | D:3      | Killed Grinder
  2433 | D:3      | Reached skill level 1 in Dodging
  2433 | D:3      | Reached XP level 7. HP: 70/70 MP: 7/7
  3205 | D:4      | Found Liazxaah's Elemental Accessories.
  3212 | D:4      | Reached XP level 8. HP: 78/78 MP: 8/8
  3530 | D:5      | Entered Level 5 of the Dungeon
  3537 | D:5      | Found a blossoming altar of Fedhas.
  3796 | D:5      | Reached skill level 5 in Shields
  3877 | D:5      | Found an opulent altar of Gozag.
  3993 | D:5      | Reached XP level 9. HP: 85/85 MP: 9/9
  4131 | D:5      | Found an iron altar of Okawaru.
  4140 | D:5      | Became a worshipper of Warmaster Okawaru
  4266 | D:6      | Reached skill level 1 in Invocations
  4337 | D:6      | Reached skill level 2 in Invocations
  4483 | D:6      | Reached skill level 3 in Invocations
  4787 | D:6      | Reached skill level 4 in Invocations
  4975 | D:7      | Reached * piety under Okawaru
  5065 | D:7      | Got a crude shield
  5071 | D:7      | Identified the cursed +0 shield of Zeygoj {+Inv Str+7} (You found it on level 7 of the Dungeon)
  5090 | D:7      | Found a staircase to the Ecumenical Temple.
  5131 | D:7      | Reached skill level 5 in Invocations
  5250 | D:7      | Reached skill level 6 in Invocations
  5609 | D:7      | Reached skill level 7 in Invocations
  5669 | D:7      | Reached ** piety under Okawaru
  5782 | D:7      | Found a deep blue altar of Sif Muna.
  5834 | D:8      | Noticed theanonym's ghost (novice FoFi)
  5850 | D:8      | Killed theanonym's ghost
  5850 | D:8      | Reached skill level 8 in Invocations
  5850 | D:8      | Reached XP level 10. HP: 80/93 MP: 14/16
  5858 | D:8      | Reached skill level 9 in Invocations
  5877 | D:8      | Reached *** piety under Okawaru
  6046 | D:8      | Found a burning altar of Makhleb.
  6055 | D:8      | Found an iron altar of Okawaru.
  6055 | D:8      | Found a radiant altar of Vehumet.
  6062 | D:8      | Found a hazy altar of Hepliaklqana.
  6069 | D:8      | Found a shattered altar of Ashenzari.
  6114 | D:8      | Reached skill level 10 in Invocations
  6816 | D:8      | Found a basalt altar of Yredelemnul.
  6993 | D:9      | Found a staircase to the Lair.
  6998 | D:9      | Reached skill level 11 in Invocations
  7487 | D:9      | Noticed CasualChangeling's ghost (novice MiFi)
  7502 | D:9      | Reached skill level 12 in Invocations
  7510 | D:9      | Killed CasualChangeling's ghost
  7703 | D:9      | Found a snail-covered altar of Cheibriados.
  7708 | D:9      | Reached XP level 11. HP: 78/99 MP: 20/20
  7804 | D:9      | Found a hide-covered altar of Uskayaw.
  8084 | D:10     | Entered Level 10 of the Dungeon
  8191 | D:10     | Reached skill level 10 in Fighting
  8893 | D:10     | Reached skill level 13 in Invocations
  8899 | D:10     | Reached **** piety under Okawaru
  9458 | D:10     | Noticed a two-headed ogre
  9469 | D:10     | Killed a two-headed ogre
  9525 | D:10     | Reached ***** piety under Okawaru
 10368 | D:11     | Found a staircase to the Orcish Mines.
 10432 | D:11     | Noticed a purple ugly thing
 10447 | D:11     | Killed a purple ugly thing
 10597 | D:11     | Found a sacrificial altar of Ru.
 10930 | D:11     | Found a portal to a secret trove of treasure.
 11313 | D:12     | Noticed a two-headed ogre
 11324 | D:12     | Killed a two-headed ogre
 11324 | D:12     | Received a gift from Okawaru
 11324 | D:12     | Reached skill level 14 in Invocations
 11324 | D:12     | Reached skill level 1 in Evocations
 11335 | D:12     | Reached XP level 12. HP: 45/110 MP: 20/22
 11650 | D:12     | Noticed a centaur warrior
 11661 | D:12     | Killed a centaur warrior
 11719 | D:12     | Noticed a two-headed ogre
 11728 | D:12     | Killed a two-headed ogre
 12141 | Lair:1   | Entered Level 1 of the Lair of Beasts
 13212 | Lair:2   | Reached skill level 15 in Invocations
 13483 | Lair:2   | Received a gift from Okawaru
 13612 | Lair:2   | Noticed a five-headed hydra
 13625 | Lair:2   | Killed an eight-headed hydra
 13667 | Lair:2   | Found a staircase to the Shoals.
 13910 | Lair:2   | Noticed a catoblepas
 13946 | Lair:2   | Reached XP level 13. HP: 54/119 MP: 14/24
 14576 | Lair:4   | Noticed Slowdrip's ghost (journeyman OgHu)
 14592 | Lair:4   | Killed Slowdrip's ghost
 14596 | Lair:4   | Noticed a fire dragon
 14620 | Lair:4   | Killed a fire dragon
 15638 | Orc:1    | Entered Level 1 of the Orcish Mines
 15811 | Orc:1    | Received a gift from Okawaru
 16423 | Orc:1    | Found a roughly hewn altar of Beogh.
 16449 | Orc:1    | HP: 1/183 [orc knight/great mace of crushing (10)]
 16449 | Orc:1    | Slain by an orc knight

Vault maps used:
D:1:      dpeg_arrival_water_fire, minmay_door_square, columned_hall_lemuel,
          solitary_fountain
D:2:      lemuel_doored_altar, uniq_terence
D:3:      cheibrodos_old_hovel, old_standard_altar, first_bread, uniq_jessica,
          uniq_grinder
D:4:      hex_intersection, minmay_misc_feat_columns, nicolae_elemental_shop
D:5:      old_standard_altar, lemuel_crystal_altar, kennysheep_okawaru_gauntlet
D:7:      tgw_sif, minmay_temple_entry_fiery
D:8:      lemuel_zombie_altar_yredelemnul, minitemple, the_bakery,
          minmay_misc_feat_more_columns, minmay_misc_feat_x
D:9:      cheibriados_altar_1, old_standard_altar, david_lair_generic
D:10:     minivault_8
D:11:     david_orc_3, nicolae_trove_entry_crystal, nicolae_ru_path_of_blood
Lair:1:   minivault_11, lemuel_fruit_fields, infiniplex_staircase_pool,
          serial_bayou_shore_a, grunt_megastairs_3
Lair:2:   shoals_dummy_entry, forest_entry_grove
Lair:3:   beast_lair_carwin_large_4, enter_volcano_3, serial_forest,
          infiniplex_forest_clump_long, infiniplex_forest_end_3,
          infiniplex_forest_end_1, infiniplex_forest_clump_C,
          infiniplex_forest_straight_4, infiniplex_forest_zigzag_1,
          infiniplex_forest_3_way, minivault_19
Lair:4:   dragon1_lemuel, nicolae_spider_entry_orb_guardian,
          minmay_lair_oklob_chamber
Orc:1:    special_room

Skill      XL: |  1  2  3  4  5  6  7  8  9 10 11 12 13 |
---------------+----------------------------------------+-----
Axes           | 3 4 5 10 11 12 14 | 14.7
Fighting       | 8 9 11 12 13 | 13.3
Armour         | 7 8 9 |  9.3
Dodging        | 1 2 3 4 |  4.5
Shields        | 4 5 7 |  7.0
Invocations    | 8 12 14 15 | 15.0
Evocations     | 1 4 |  4.6

Action                   |  1- 3 |  4- 6 |  7- 9 | 10-12 | 13-15 || total
-------------------------+-------+-------+-------+-------+-------++-------
Melee: War axe           |   115 |   107 |   281 |   695 |   348 ||  1546
       Kick              |       |    17 |    71 |    54 |       ||   142
Throw: Javelin           |       |     5 |     3 |     2 |       ||    10
       Throwing net      |       |       |       |     1 |       ||     1
Invok: Heroism           |       |       |       |     9 |     6 ||    15
       Finesse           |       |       |       |       |     2 ||     2
Evoke: Wand              |       |       |     1 |     2 |     1 ||     4
  Use: Scroll            |     5 |     2 |     9 |     5 |     3 ||    24
       Potion            |     1 |     4 |       |     4 |     1 ||    10
 Stab: Petrified         |       |       |       |     3 |       ||     3
       Held in net/web   |       |       |       |     1 |       ||     1
       Petrifying        |       |       |       |     1 |       ||     1
  Eat: Chunk             |       |     4 |    11 |    19 |     4 ||    38
       Fruit             |       |     2 |       |     5 |     4 ||    11
       Royal jelly       |       |       |       |     4 |       ||     4
Armor: Plate armour      |    86 |    76 |   114 |   307 |   112 ||   695
Dodge: Dodged            |    14 |    15 |    52 |   150 |    95 ||   326
Block: Shield            |    80 |    46 |   132 |   333 |   189 ||   780

Table legend:
 A = Spawn XP
 B = Non-spawn XP
 C = Spawn XP percentage of total XP
 D = Spawn monster count
 E = Non-spawn monster count
 F = Spawn count percentage of total count
 G = Total turns spent on level
                    A         B        C        D         E        F      G
               +---------+---------+-------+---------+---------+-------+---------
         Total |       0 |   47702 |   0.0 |       0 |     405 |   0.0 | 16449
               +---------+---------+-------+---------+---------+-------+---------
           D:1 |       0 |      26 |   0.0 |       0 |      14 |   0.0 |   922
           D:2 |       0 |      74 |   0.0 |       0 |      14 |   0.0 |   748
           D:3 |       0 |     627 |   0.0 |       0 |      34 |   0.0 |  1337
           D:4 |       0 |     526 |   0.0 |       0 |      21 |   0.0 |   523
           D:5 |       0 |     952 |   0.0 |       0 |      21 |   0.0 |   710
           D:6 |       0 |     787 |   0.0 |       0 |      15 |   0.0 |   729
           D:7 |       0 |    1183 |   0.0 |       0 |      27 |   0.0 |   857
           D:8 |       0 |    3142 |   0.0 |       0 |      24 |   0.0 |  1503
           D:9 |       0 |    2046 |   0.0 |       0 |      23 |   0.0 |   793
          D:10 |       0 |    5839 |   0.0 |       0 |      39 |   0.0 |  1774
          D:11 |       0 |    2001 |   0.0 |       0 |      32 |   0.0 |  1543
          D:12 |       0 |    4802 |   0.0 |       0 |      17 |   0.0 |   756
        Lair:1 |       0 |    4543 |   0.0 |       0 |      24 |   0.0 |   992
        Lair:2 |       0 |    7511 |   0.0 |       0 |      29 |   0.0 |  1343
        Lair:3 |       0 |    5426 |   0.0 |       0 |      33 |   0.0 |   812
        Lair:4 |       0 |    3534 |   0.0 |       0 |       8 |   0.0 |   296
         Orc:1 |       0 |    4683 |   0.0 |       0 |      30 |   0.0 |   811
               +---------+---------+-------+---------+---------+-------+---------
